 Dungeon Crawl Stone Soup version 0.26.1-16-g4e020e15dc (webtiles) character file.

Game seed: 5365483902372548204

323232 Froggeryz the Warrior (level 21, 0/162 HPs)
             Began as an Octopode Berserker on Feb 21, 2023.
             Was the Champion of Trog.
             Slain by a two-headed ogre
             ... wielding a +0 giant club
              (4 damage)
             ... while paralysed by an ogre mage
             ... on level 4 of the Vaults on Feb 24, 2023.
             The game lasted 01:31:01 (59513 turns).

Froggeryz the Warrior (Octopode Berserker)         Turns: 59513, Time: 01:31:01

Health: 0/162      AC:  6    Str: 23    XL:     21   Next: 57%
Magic:  21/21      EV:  2    Int:  7    God:    Trog [******]
Gold:   3738       SH:  0    Dex: 26    Spells: 20/20 levels left

rFire    . . .     SeeInvis +   a - +8 quick blade (vorpal)
rCold    x . .     Faith    .   R - +0 kite shield
rNeg     + . .     Spirit   .   G - +1 hat
rPois    .         Reflect  .   I - amulet of regeneration
rElec    +         Harm     .   o - +4 ring of protection
rCorr    +         Rampage  .   P - ring of resist corrosion
Will     ++...                  J - ring of Woruch {+Fly rN+ Will+ Int+2 SInv}
Stlth    ++++++++..             L - +6 ring of dexterity (curse)
HPRegen  0.77/turn              C - +6 ring of strength
MPRegen  0.17/turn              O - +4 ring of evasion
                                h - ring of Noeraut {+Fly rElec rC- Int-5 Slay+6}
                                H - +4 ring of evasion

@: paralysed
A: almost no armour, stealthy swim, amphibious, 8 rings, constrict 8, camouflage
1, gelatinous body 1
}: 2/15 runes: decaying, gossamer
a: Renounce Religion, Evoke Flight, Berserk, Trog's Hand, Brothers in Arms


You were on level 4 of the Vaults.
You worshipped Trog.
Trog was exalted by your worship.
You visited 6 branches of the dungeon, and saw 35 of its levels.

You collected 3990 gold pieces.
You spent 252 gold pieces at shops.

Inventory:

Hand Weapons
 a - a +8 vorpal quick blade (weapon)
 j - a +2 broad axe of venom
 W - the +6 broad axe of the Scorching Vulture {flame, +Fly Str+4}
   (You bought it in a shop on level 2 of the Orcish Mines)

   It has been specially enchanted to burn those struck by it, causing extra
   injury to most foes and up to half again as much damage against particularly
   susceptible opponents.
   Big, fiery blades are also staple armaments of hydra-hunters.
   It affects your strength (+4).
   It lets you fly.
Missiles
 c - a throwing net
 g - 14 javelins
 k - 88 poisoned darts (quivered)
 s - 9 silver javelins
 z - 44 boomerangs
 Z - 12 curare-tipped darts
Armour
 G - a +1 hat (worn)
 K - a +2 tower shield of resistance
 R - a +0 kite shield (worn)
Jewellery
 e - an uncursed ring of ice
 h - the ring of Noeraut (on tentacle) {+Fly rElec rC- Int-5 Slay+6}
   (You found it on level 15 of the Dungeon)

   [ring of flight]

   It affects your intelligence (-5).
   It affects your accuracy and damage with ranged weapons and melee attacks
   (+6).
   It makes you vulnerable to cold.
   It insulates you from electricity.
   It lets you fly.
 o - a +4 ring of protection (left tentacle)
 C - a +6 ring of strength (on tentacle)
 D - an uncursed ring of fire
 H - a +4 ring of evasion (on tentacle)
 I - an amulet of regeneration (around mantle)
 J - the ring of Woruch (on tentacle) {+Fly rN+ Will+ Int+2 SInv}
   (You acquired it on level 2 of the Lair of Beasts)

   [ring of willpower]

   It affects your intelligence (+2).
   It protects you from negative energy.
   It affects your willpower, your defense against some magical effects.
   It lets you see invisible.
   It lets you fly.
 L - a cursed +6 ring of dexterity (on tentacle)
 O - a +4 ring of evasion (on tentacle)
 P - a ring of resist corrosion (right tentacle)
Wands
 r - a wand of paralysis (16)
 u - a wand of flame (77)
 F - a wand of disintegration (44)
 S - a wand of iceblast (35)
 Y - a wand of digging (16)
Scrolls
 d - 8 scrolls of teleportation
 l - 5 scrolls of enchant armour
 m - 10 scrolls of magic mapping
 n - 5 scrolls of immolation
 p - 13 scrolls of remove curse
 t - a scroll of blinking
 y - 8 scrolls of fog
 A - 2 scrolls of identify
 E - 3 scrolls of brand weapon
 Q - 5 scrolls of enchant weapon
 U - 2 scrolls of fear
 X - 2 scrolls of silence
Potions
 f - 3 potions of invisibility
 i - 7 potions of ambrosia
 q - 15 potions of curing
 v - 2 potions of cancellation
 w - 2 potions of resistance
 B - 3 potions of haste
 N - 9 potions of might
 V - 2 potions of mutation
Miscellaneous
 b - a phial of floods
 x - a box of beasts
 T - a phantom mirror


   Skills:
 + Level 19.3 Fighting
 - Level 12.0 Short Blades
 * Level 13.0 Axes
 - Level 8.2 Throwing
 + Level 18.1 Dodging
 - Level 16.3 Stealth
 + Level 15.9 Shields
 - Level 8.0 Evocations


You had 20 spell levels left.
You didn't know any spells.
Your spell library contained the following spells:

 Spells                   Type           Power        Failure   Level
 Bolt of Magma            Conj/Fire/Erth 0%           100%        5
 Iskenderun's Battlesphe  Conj           0%           100%        5
 Iron Shot                Conj/Erth      0%           100%        6
 Orb of Destruction       Conj           0%           100%        7
 Spellforged Servitor     Conj/Summ      0%           100%        7


Dungeon Overview and Level Annotations

Branches:
Dungeon (15/15)            Temple (0/1) D:4            Lair (6/6) D:11
  Swamp (4/4) Lair:4       Spider (4/4) Lair:2        Slime (0/5) Lair:6
    Orc (2/2) D:11            Elf (0/3) Orc:2        Vaults (4/5) D:13
  Crypt (0/3) Vaults:2     Depths (0/5) D:15

Altars:
Ashenzari
Cheibriados
Elyvilon
Fedhas
Hepliaklqana
Kikubaaqudgha
Nemelex Xobeh
Okawaru
Qazlal
Ru
Sif Muna
Trog
Uskayaw
Vehumet
Yredelemnul
Zin

Shops:
D:4 [   D:7 (   Orc:2 (:([   Vaults:2 !

Annotations:
D:3 1 runed translucent door, Sapher's ghost, weakling BaTm
D:5 2 transporters, tamionv's ghost, novice HOFi
Spider:4 3 runed translucent doors, ciphuk's ghost, adept GnVM


Innate Abilities, Weirdness & Mutations

You cannot wear most types of armour.
You are very stealthy in the water. (Stealth+)
You are amphibious.
You can wear up to eight rings at the same time.
You can use your tentacles to constrict eight enemies at once.
Your skin changes colour to match your surroundings (Stealth+).
Your rubbery body absorbs attacks. (AC +1, EV +1)


Message History

The ogre mage casts a spell at you.
You suddenly lose the ability to move!
The yaktaur wields a +0 arbalest.
The yaktaur shoots a bolt.
The bolt hits you!!
You hear a shout!
You hear a howl!
The ogre mage hits you with a +0 halberd. x2
An orc warrior comes into view. It is wielding a +0 mace.
The ogre mage hits you with a +0 halberd.
The two-headed ogre hits you with a +0 giant club!!
The two-headed ogre hits you with a +0 giant spiked club!
An orc knight comes into view. It is wielding a +0 great mace.
An orc warrior comes into view. It is wielding a -2 halberd.
An orc comes into view. It is wielding a +0 short sword.
The ogre mage hits you with a +0 halberd!
The two-headed ogre hits you with a +0 giant club!
The two-headed ogre hits you with a +0 giant spiked club!!
* * * LOW HITPOINT WARNING * * *
The two-headed ogre hits you with a +0 giant club!!
* * * LOW HITPOINT WARNING * * *
The two-headed ogre hits you with a +0 dire flail.
You die...

#..).))...##
..)..(.)...##
..†.###.....# ).###
###)>.######### ## ..#
#....#...c...oo .##
##)..'...# o# .#
#...#...# ..# .##
##)).#)###c..### ..#
#....#.)@Occ...o ..###
###...##..OOO#....
....###.....##..Op......
...........###.###$..##
#.........## #.. ...#
###.....### #.. ...#
####### #.. .... ## ####


You could see an orc knight, 3 two-headed ogres, an ogre mage (fast), a vault
sentinel, 3 yaktaurs, 2 orc warriors, an ogre and an orc.

Vanquished Creatures
  Mara (Swamp:3)
  Margery (Vaults:4)
  Xtahua (Vaults:2)
  Jorgrun (D:15)
  A lich (Vaults:4)
  Gastronok (D:8)
  A frost giant (Vaults:3)
  7 vault wardens
  Louise (D:15)
  A deep elf sorcerer (Vaults:3)
  Aizul (Vaults:2)
  3 ghost moths (Spider:4)
  12 ironheart preservers
  3 emperor scorpions (Spider:4)
  A very ugly thing (Vaults:3)
  The ghost of Qece the Peltast, a journeyman GrWn of Okawaru (Swamp:2)
  A vampire knight (Vaults:2)
  2 stone giants
  A deep elf annihilator (Vaults:3)
  3 spark wasps
  6 bunyips
  7 entropy weavers
  2 deep elf death magi (Vaults:3)
  7 eleionomae
  4 fire dragons
  A shambling mangrove (Swamp:4)
  8 yaktaur captains
  Josephine (Lair:5)
  A crystal guardian (Vaults:4)
  A great orb of eyes (Vaults:1)
  Fannar (D:10)
  7 boulder beetles
  A hydra (shapeshifter) (Vaults:2)
  30 hydras
  8 vault guards
  3 ice dragons (Vaults:2)
  2 rakshasas
  3 ghost crabs
  11 alligators
  7 centaur warriors
  A catoblepas (Lair:6)
  21 two-headed ogres
  A tengu warrior (D:12)
  6 ogre magi
  2 deep troll earth magi
  An orc high priest (Orc:2)
  8 hell knights
  A deep elf knight (Vaults:3)
  6 skeletal warriors
  A shadow wraith (Vaults:3)
  A fire crab (Lair:4)
  A fire crab (shapeshifter) (Vaults:3)
  5 goliath frogs
  8 deep trolls
  9 swamp dragons
  A flayed ghost (Vaults:1)
  An unseen horror (D:14)
  A necromancer (D:14)
  5 harpies (Vaults:1)
  A deep elf archer (Vaults:3)
  3 spriggan druids
  A wizard (Vaults:2)
  3 lindwurms (Swamp:4)
  10 ironbrand convokers
  8 bog bodies
  13 deep elf magi
  52 wolf spiders
  An orc sorcerer (Orc:2)
  11 orc knights
  18 orb spiders
  A harpy (shapeshifter) (Vaults:2)
  A salamander (D:15)
  An oklob plant (Lair:5)
  3 manticores
  3 will-o-the-wisps
  45 ugly things
  10 cyclopes
  A moth of wrath (Spider:4)
  Maurice (Orc:1)
  A water nymph (shapeshifter) (D:15)
  11 vault sentinels
  Joseph (D:9)
  4 black mambas
  7 elephants
  3 torpor snails
  36 cane toads
  2 kobold demonologists (D:15)
  Psyche (D:9)
  3 centaur skeletons
  A rime drake (shapeshifter) (Vaults:2)
  13 demonic crawlers
  3 rime drakes
  7 freezing wraiths
  8 komodo dragons
  26 yaktaurs
  A tengu conjurer (D:12)
  14 polar bears
  50 jumping spiders
  A polar bear (shapeshifter) (Vaults:2)
  25 hornets
  4 trolls
  14 tyrant leeches
  A blink frog (shapeshifter) (Vaults:4)
  10 slime creatures
  28 blink frogs
  6 dream sheep (Lair:5)
  A meliai zombie (D:13)
  A frost giant simulacrum (Vaults:2)
  9 spriggans
  3 vampires (Vaults:2)
  A tarantella (shapeshifter) (Vaults:1)
  103 redbacks
  7 wraiths
  8 wyverns
  29 tarantellas
  46 yaks
  4 basilisks
  4 wargs
  A steam dragon (Lair:4)
  12 vampire mosquitoes
  Menkaure (D:4)
  18 swamp worms
  An acid dragon (D:15)
  20 water moccasins
  41 orc warriors
  8 black bears
  4 sky beasts
  4 ice beasts
  10 swamp drakes
  4 boggarts (Vaults:3)
  19 centaurs
  13 wolves
  3 phantoms
  26 ogres
  5 big kobolds
  34 bullfrogs
  A wyvern zombie (D:11)
  7 scorpions
  11 killer bees
  5 wights (D:9)
  5 howler monkeys
  2 electric eels
  A bullfrog zombie (D:6)
  3 quasits
  7 centaur zombies
  5 hounds
  2 bullfrog skeletons
  5 jellies
  19 orc priests
  Terence (D:3)
  Natasha (thrice) (D:3)
  5 iguanas
  23 orc wizards
  A polar bear simulacrum (D:14)
  21 worker ants
  6 yak simulacra (D:14)
  A wolf simulacrum (D:14)
  2 hound skeletons
  Robin (D:3)
  10 adders
  A shadow imp (D:5)
  2 white imps
  3 ufetubi
  3 oozes
  An adder zombie (D:7)
  An adder skeleton (D:4)
  2 worms (D:3)
  2 dart slugs
  5 leopard geckos
  97 orcs
  8 giant cockroaches
  16 goblins
  14 hobgoblins
  11 jackals
  16 kobolds
  3 quokkas
  2 ball pythons
  6 bats
  3 frilled lizards
  A jackal skeleton (D:8)
  4 rats
  3 river rat simulacra (D:14)
1494 creatures vanquished.

Vanquished Creatures (collateral kills)
  A deep elf knight (Vaults:3)
1 creature vanquished.

Vanquished Creatures (others)
  A hydra (Swamp:3)
  A deep elf knight (Vaults:3)
  A shadow wraith (Vaults:1)
  A wolf spider (Spider:1)
  A deep elf mage (Orc:2)
  A bloated husk (Swamp:4)
  A sky beast (D:9)
  A killer bee (D:13)
  A jackal (D:11)
  9 foxfires
  53 fungi
  156 plants
227 creatures vanquished.

Grand Total: 1722 creatures vanquished

Notes
Turn   | Place    | Note
-------+----------+-------------------------------------------
     0 | D:1      | Froggeryz the Octopode Berserker began the quest for the
                  | Orb.
     0 | D:1      | Reached XP level 1. HP: 16/16 MP: 1/1
    89 | D:1      | Reached skill level 1 in Stealth
    89 | D:1      | Reached XP level 2. HP: 9/21 MP: 2/2
  1244 | D:2      | Reached XP level 3. HP: 26/26 MP: 3/3
  1245 | D:2      | Found an iron altar of Okawaru.
  1246 | D:2      | Found a blossoming altar of Fedhas.
  1248 | D:2      | Found a snail-covered altar of Cheibriados.
  1249 | D:2      | Found a hazy altar of Hepliaklqana.
  1286 | D:2      | Found a hide-covered altar of Uskayaw.
  1314 | D:2      | Reached ** piety under Trog
  1573 | D:2      | Found a basalt altar of Yredelemnul.
  1772 | D:2      | Found a bloodstained altar of Trog.
  1877 | D:3      | Noticed Robin
  1877 | D:3      | Noticed a sky beast
  2104 | D:3      | Found a runed translucent door.
  2150 | D:3      | Noticed Natasha
  2151 | D:3      | Noticed Sapher's ghost (weakling BaTm)
  2157 | D:3      | Killed Natasha
  2158 | D:3      | Reached XP level 4. HP: 32/32 MP: 4/4
  2260 | D:3      | Noticed Terence
  2265 | D:3      | Killed Terence
  2266 | D:3      | Reached XP level 5. HP: 37/37 MP: 5/5
  2337 | D:3      | Found a faded altar of an unknown god.
  2368 | D:3      | Killed a sky beast
  2369 | D:3      | Reached skill level 4 in Fighting
  2369 | D:3      | Reached skill level 5 in Short Blades
  2369 | D:3      | Reached XP level 6. HP: 43/43 MP: 6/6
  2463 | D:3      | Killed Robin
  2660 | D:3      | Reached *** piety under Trog
  2681 | D:3      | Noticed Natasha
  2686 | D:3      | Killed Natasha
  2867 | D:3      | Found a sparkling altar of Nemelex Xobeh.
  3024 | D:3      | Noticed Natasha
  3030 | D:3      | Killed Natasha
  3084 | D:3      | Found a broken altar of Ashenzari.
  3244 | D:4      | Found a staircase to the Ecumenical Temple.
  3286 | D:4      | Reached XP level 7. HP: 44/49 MP: 7/7
  3441 | D:4      | Noticed Menkaure
  3446 | D:4      | Killed Menkaure
  3447 | D:4      | Reached skill level 5 in Stealth
  3705 | D:4      | Found Eqaemow's Armour Boutique.
  3729 | D:4      | Found an ancient bone altar of Kikubaaqudgha.
  3729 | D:4      | Found a shimmering blue altar of Sif Muna.
  3732 | D:4      | Found a radiant altar of Vehumet.
  3748 | D:4      | Reached skill level 5 in Fighting
  3794 | D:4      | Found a glowing silver altar of Zin.
  3873 | D:5      | Entered Level 5 of the Dungeon
  3880 | D:5      | Noticed tamionv's ghost (novice HOFi)
  4046 | D:5      | Reached XP level 8. HP: 49/55 MP: 8/8
  4447 | D:5      | Found a transporter.
  4454 | D:5      | Reached **** piety under Trog
  4681 | D:5      | Found a transporter.
  5169 | D:6      | Reached skill level 6 in Fighting
  5557 | D:6      | Reached skill level 5 in Dodging
  5649 | D:6      | Found a white marble altar of Elyvilon.
  5852 | D:7      | Reached XP level 9. HP: 48/63 MP: 9/9
  6592 | D:7      | Found Laonyakk's Antique Weapon Boutique.
  7196 | D:7      | Reached skill level 1 in Throwing
  7448 | D:8      | Reached skill level 7 in Fighting
  7477 | D:8      | Reached ***** piety under Trog
  7761 | D:8      | Noticed Gastronok
  7784 | D:8      | Killed Gastronok
  7785 | D:8      | Reached skill level 8 in Fighting
  7785 | D:8      | Reached XP level 10. HP: 14/72 MP: 10/10
  8834 | D:8      | Reached skill level 5 in Throwing
  9106 | D:9      | Noticed Psyche
  9132 | D:9      | Killed Psyche
  9252 | D:9      | Reached skill level 9 in Fighting
  9755 | D:9      | Found a stormy altar of Qazlal.
  9770 | D:9      | Noticed a two-headed ogre
  9780 | D:9      | Killed a two-headed ogre
  9781 | D:9      | Reached XP level 11. HP: 80/80 MP: 11/11
 10038 | D:9      | Noticed Joseph
 10081 | D:9      | Killed Joseph
 10568 | D:10     | Entered Level 10 of the Dungeon
 11062 | D:10     | Noticed Fannar
 11083 | D:10     | Killed Fannar
 11083 | D:10     | Received a gift from Trog
 11642 | D:11     | Found a staircase to the Orcish Mines.
 11751 | D:11     | Reached skill level 10 in Fighting
 11837 | D:11     | You fall into a shaft and drop 3 floors!
 11937 | D:13     | Noticed a deep elf mage
 11990 | D:13     | Killed a deep elf mage
 12815 | D:11     | Noticed a two-headed ogre
 12844 | D:10     | Killed a two-headed ogre
 12904 | D:11     | Reached skill level 10 in Dodging
 12934 | D:11     | Found a staircase to the Lair.
 13114 | D:11     | Noticed a green ugly thing
 13338 | D:11     | Killed a green ugly thing
 13339 | D:11     | Reached skill level 1 in Evocations
 13434 | D:11     | Reached XP level 12. HP: 69/89 MP: 12/12
 13950 | Lair:1   | Entered Level 1 of the Lair of Beasts
 13959 | Lair:1   | Reached skill level 11 in Fighting
 15037 | Lair:2   | Found a hole to the Spider Nest.
 15046 | Lair:2   | Reached skill level 5 in Evocations
 15458 | Lair:2   | Identified a scroll of acquirement
 15459 | Lair:2   | Acquired the ring of Woruch {+Fly rN+ Will+ Int+2 SInv}
 15907 | Lair:2   | Received a gift from Trog
 16935 | Lair:3   | Noticed an eight-headed hydra
 16952 | Lair:3   | Reached skill level 12 in Fighting
 17068 | Lair:3   | Killed an eight-headed hydra
 17069 | Lair:3   | Reached XP level 13. HP: 97/97 MP: 13/13
 21072 | Lair:4   | Received a gift from Trog
 21325 | Lair:4   | Found a staircase to the Swamp.
 22470 | Lair:5   | Reached skill level 13 in Fighting
 22487 | Lair:5   | Reached skill level 10 in Short Blades
 23214 | Lair:5   | Noticed Josephine
 23310 | Lair:5   | Killed Josephine
 23311 | Lair:5   | Reached XP level 14. HP: 106/106 MP: 7/14
 24587 | Lair:6   | Entered Level 6 of the Lair of Beasts
 25031 | Lair:5   | Received a gift from Trog
 25203 | Lair:6   | Found a staircase to the Slime Pits.
 26880 | Lair:5   | HP: 5/106 [poisoned by a water moccasin]
 28340 | Lair:6   | Received a gift from Trog
 29500 | Lair:5   | Reached skill level 10 in Stealth
 29969 | Lair:6   | Reached XP level 15. HP: 49/112 MP: 15/15
 30552 | Lair:6   | Reached skill level 14 in Fighting
 33657 | D:12     | Reached skill level 1 in Shields
 34002 | D:12     | Acquired a manual of Dodging
 35211 | D:13     | Found a gate to the Vaults.
 35448 | Orc:1    | Entered Level 1 of the Orcish Mines
 35877 | Orc:1    | Noticed Maurice
 35896 | Orc:1    | Killed Maurice
 36350 | Orc:2    | Entered Level 2 of the Orcish Mines
 36350 | Orc:2    | Found a staircase to the Elven Halls.
 36464 | Orc:2    | Received a gift from Trog
 36762 | Orc:2    | Reached skill level 5 in Shields
 38559 | Orc:2    | Found Ahiruos's Antique Weapon Shoppe.
 38559 | Orc:2    | Found Tuleiph's Book Shop.
 38561 | Orc:2    | Found Ucupn's Weapon Boutique.
 38563 | Orc:2    | Found Kufeno's Armour Emporium.
 38569 | Orc:2    | Bought an ebony broad axe for 252 gold pieces
 38760 | Orc:2    | Reached skill level 15 in Fighting
 39590 | D:14     | Received a gift from Trog
 39591 | D:14     | Reached XP level 16. HP: 122/122 MP: 16/16
 40095 | D:14     | Found a sacrificial altar of Ru.
 40240 | D:15     | Entered Level 15 of the Dungeon
 40283 | D:15     | Identified the +6 broad axe of the Scorching Vulture
                  | {flame, +Fly Str+4} (You bought it in a shop on level 2 of
                  | the Orcish Mines)
 40520 | D:15     | Noticed Louise
 40538 | D:15     | Killed Louise
 40562 | D:15     | Got a faintly glowing turquoise ring
 40575 | D:15     | Identified the ring of Noeraut {+Fly rElec rC- Int-5
                  | Slay+6} (You found it on level 15 of the Dungeon)
 40883 | D:15     | Noticed Jorgrun
 40890 | D:15     | Killed Jorgrun
 40999 | D:15     | Found a staircase to the Depths.
 41318 | D:15     | Received a gift from Trog
 41732 | Swamp:1  | Entered Level 1 of the Swamp
 42097 | Swamp:1  | Reached skill level 10 in Shields
 42945 | Swamp:2  | Reached skill level 16 in Fighting
 43374 | Swamp:2  | Found a runed translucent gate.
 43375 | Swamp:2  | Found a runed translucent gate.
 43379 | Swamp:2  | Found a runed translucent gate.
 43379 | Swamp:2  | Noticed Qece's ghost (journeyman GrWn)
 43566 | Swamp:2  | Killed Qece's ghost
 43567 | Swamp:2  | Reached XP level 17. HP: 129/129 MP: 17/17
 43736 | Swamp:3  | Noticed Mara
 43743 | Swamp:3  | Noticed Froggeryz's illusion
 43757 | Swamp:3  | Killed Mara
 44020 | Swamp:3  | Received a gift from Trog
 44715 | Swamp:4  | Entered Level 4 of the Swamp
 45817 | Swamp:4  | Reached skill level 17 in Fighting
 46477 | Swamp:4  | Received a gift from Trog
 46665 | Swamp:4  | Got a decaying rune of Zot
 46888 | Spider:1 | Entered Level 1 of the Spider Nest
 46959 | Spider:1 | Reached XP level 18. HP: 127/138 MP: 18/18
 47840 | Spider:2 | Reached skill level 15 in Shields
 48240 | Spider:2 | Reached ****** piety under Trog
 48396 | Spider:2 | Received a gift from Trog
 48761 | Spider:2 | Reached skill level 1 in Axes
 51040 | Spider:4 | Entered Level 4 of the Spider Nest
 51522 | Spider:4 | Found a frozen archway.
 51643 | Spider:4 | Reached skill level 5 in Axes
 51647 | Spider:4 | Reached XP level 19. HP: 146/146 MP: 19/19
 51734 | Spider:4 | Paralysed by a hornet for 1 turns
 51891 | Spider:3 | Received a gift from Trog
 51961 | Spider:3 | Reached skill level 18 in Fighting
 51961 | Spider:3 | Reached skill level 15 in Dodging
 52436 | Spider:4 | Found a runed translucent gate.
 52436 | Spider:4 | Found a runed translucent gate.
 52436 | Spider:4 | Found a runed translucent gate.
 52437 | Spider:4 | Noticed ciphuk's ghost (adept GnVM)
 53096 | Spider:4 | Got a gossamer rune of Zot
 53481 | Vaults:1 | Entered Level 1 of the Vaults
 53955 | Vaults:1 | Received a gift from Trog
 55500 | Vaults:2 | Reached XP level 20. HP: 154/154 MP: 20/20
 55762 | Vaults:2 | Received a gift from Trog
 55818 | Vaults:2 | Found Nurgh's Distillery.
 55914 | Vaults:2 | Reached skill level 10 in Axes
 55951 | Vaults:2 | Noticed Aizul
 55971 | Vaults:2 | Killed Aizul
 56049 | Vaults:2 | Reached skill level 15 in Stealth
 56093 | Vaults:2 | Found a staircase to the Crypt.
 56299 | Vaults:2 | Noticed Xtahua
 56332 | Vaults:2 | Killed Xtahua
 57753 | Vaults:3 | HP: 2/154 [deep elf mage/bolt of fire[an ironheart
                  | preserver] (28)]
 57761 | Vaults:3 | Reached skill level 19 in Fighting
 58011 | Vaults:3 | Received a gift from Trog
 58055 | Vaults:3 | Reached XP level 21. HP: 162/162 MP: 21/21
 58552 | Vaults:3 | Identified Sif Muna's Guide on Heat and Stones
 58658 | Vaults:3 | Received a gift from Trog
 59235 | Vaults:4 | Noticed Margery
 59239 | Vaults:4 | Killed Margery
 59509 | Vaults:4 | Paralysed by an ogre mage for 7 turns
 59513 | Vaults:4 | HP: 4/162 [two-headed ogre/+0 giant club (28)]
 59513 | Vaults:4 | Slain by a two-headed ogre

Illustrated notes

Levels and vault maps discovered:
D:1:      minmay_arrival_up_and_down, layout_basic, serial_bayou,
          serial_bayou_pond_e, serial_bayou_ford_a, serial_bayou_pond_c,
          serial_bayou_pond_e, serial_bayou_crossing, serial_bayou_pond_a
D:2:      layout_rooms, nicolae_overflow_quartered_altars,
          general_overflow_altar, lemuel_round_altar, fedhas_altar_1
D:3:      layout_loops_ring, marbit_many_paths, nicolae_overflow_hidden_temple,
          chequers_ecumenical_altar_simple_redux, ebering_ghost_sewer_d,
          uniq_natasha, uniq_robin, uniq_terence
D:4:      layout_basic, grunt_temple_overflow_magic_moments, kennysheep_mini,
          minmay_temple_entry_slanted, serial_shops, shop, uniq_menkaure
D:5:      layout_layer_cave, gammafunk_ghost_gnarly_gnolls
D:6:      layout_loops_corners, lemuel_crystal_altar
D:7:      layout_loops_corners, serial_shops, shop, serial_aquarium,
          aquarium_bridge_straight [aquarium_subvault_bridge,
          aquarium_subvault_wall, aquarium_subvault_bridge,
          aquarium_subvault_wall], aquarium_bridge_straight
          [aquarium_subvault_bridge, aquarium_subvault_wall,
          aquarium_subvault_bridge, aquarium_subvault_window],
          aquarium_window_fake, aquarium_window_2, aquarium_view_2b,
          aquarium_balcony_3b, aquarium_pool_side, kennysheep_nub
D:8:      layout_gridville, uniq_gastronok
D:9:      layout_layer_cave, basic_altar, uniq_joseph, uniq_psyche
D:10:     layout_cross, uniq_fannar
D:11:     layout_roguey, david_lair_generic, erik_orc_1, dk_vineyard_3
D:12:     layout_loops_corners
D:13:     layout_rooms, david_vaults_5
D:14:     layout_stronghold, nicolae_ru_path_of_blood, eino_house_with_fridge
D:15:     hangedman_depths_entry_try_elsewhere_first, layout_grid_maze,
          serial_rivers, chequers_serial_rivers_micro_d,
          chequers_serial_rivers_marsh, chequers_serial_rivers_large_a,
          chequers_serial_rivers_small_3, chequers_serial_rivers_small_b,
          chequers_serial_rivers_micro_d, chequers_avenue, uniq_louise,
          uniq_jorgrun
Lair:1:   layout_misc_corridors, grunt_megastairs_2, serial_bayou_shore_a
Lair:2:   layout_layer_cave, nicolae_spider_entry_orb_guardian
Lair:3:   beast_lair_carwin_large_4, layout_chaotic_city, grunt_megastairs_5
Lair:4:   layout_hall_layers, minmay_swamp_entry_reptiles, serial_bayou_shore_b
Lair:5:   layout_small_grid, uniq_josephine
Lair:6:   minmay_lair_end_frog_pond, layout_cave_pods, slime_dummy,
          cheibrodos_lair_lostbears
Swamp:1:  layout_basic_swamp, hangedman_swamp_diagram
Swamp:2:  layout_basic_swamp, ebering_ghost_rock_garden, serial_swamp_ruin,
          evilmike_swamp_ruin_house_5, evilmike_swamp_ruin_house_3,
          infiniplex_staircase_pool
Swamp:3:  layout_basic_swamp, hangedman_swamp_ruin_hall, swamp_pool3, uniq_mara
Swamp:4:  swamp_alternative, layout_basic_swamp, hangedman_swamp_blocks
Spider:1: layout_spider_delve, nicolae_spider_webs_and_nodes
Spider:2: layout_chambers
Spider:3: layout_chambers
Spider:4: grunt_spider_rune_parallel, portal_ice_cave_entry_frozen_things,
          gammafunk_ghost_necromancy
Orc:1:    layout_caves, uniq_maurice
Orc:2:    st_orc_rangers, layout_caves, elves_outpost_lemuel
Vaults:1: ontoclasm_vaults_spin, hangedman_vaults_corner_blocks,
          hangedman_vaults_snaps, dpeg_vaults_monster_row,
          grunt_vaults_diagonal, vaults_dpeg_hooks,
          nicolae_vaults_know_your_exits,
          vaults_standard_mumra_enter_the_diamond,
          nicolae_vaults_little_squares_4, grunt_vaults_funnel,
          nicolae_vaults_specimen_jars, layout_vaults_chaotic_city
Vaults:2: minmay_crypt_entry_vampire_xt, vaults_room_grunt_arrival_checkpoint,
          v_alt_pattern_5, vaults_standard_mumra_enter_the_diamond, v_pattern_5,
          nicolae_vaults_yaktaur_gun_rack, hangedman_vaults_corner,
          vaults_room_stairs_pillars, v_misc_16, vaults_room_pool,
          layout_vaults_quadrants, serial_shops, nicolae_shop_behind_doors,
          uniq_aizul, uniq_xtahua
Vaults:3: nicolae_vaults_what_the_h, grunt_vaults_twisty, vaults_room_octagon,
          nicolae_vaults_little_squares_4, nicolae_vaults_little_ls,
          grunt_vaults_funneled_arena, ontoclasm_vaults_gateway,
          ontoclasm_vaults_decontamination, v_misc_4,
          nicolae_vaults_mini_display_case, hangedman_vaults_river_flow,
          nicolae_vaults_theta, nicolae_vaults_shelves_hall,
          vaults_mumra_minichess, nicolae_vaults_theta, layout_vaults_omnibox
Vaults:4: nicolae_vaults_border_crossing, ontoclasm_vaults_twist, v_misc_2,
          nicolae_vaults_stairing_the_circle, v_misc_17,
          nicolae_vaults_circle_grid_b, hangedman_vaults_stitches,
          vaults_room_stairs_pillars, v_misc_2, nicolae_vaults_angled_halls,
          vaults_room_pools, layout_vaults_ring, uniq_margery

Skill      XL: |  1  2  3  4  5  6  7  8  9 10 11 12 13 14 15 16 17 18 19 20 21 |
---------------+----------------------------------------------------------------+-----
Stealth        | 1 2 3 4 5 7 10 11 12 14 15 16 | 16.3
Short Blades   | 4 5 7 8 9 10 12 | 12.0
Fighting       | 4 5 6 8 9 10 12 13 15 16 17 18 19 | 19.3
Dodging        | 4 5 7 8 10 11 12 13 14 16 17 18 | 18.1
Throwing       | 4 6 8 |  8.2
Evocations     | 1 6 8 |  8.0
Shields        | 6 11 14 15 | 15.9
Axes           | 5 9 11 13 | 13.0

Action                   |  1- 3 |  4- 6 |  7- 9 | 10-12 | 13-15 | 16-18 | 19-21 || total
-------------------------+-------+-------+-------+-------+-------+-------+-------++-------
Melee: Short sword       |    26 |       |       |       |       |       |       ||    26
       Constrict         |    19 |    14 |    40 |   119 |   179 |   239 |   196 ||   806
       Tentacles         |    10 |    18 |    54 |   237 |   586 |   463 |   662 ||  2030
       Dagger            |    40 |    77 |   236 |   740 |   947 |       |       ||  2040
       Rapier            |       |       |       |       |     7 |       |       ||     7
       Quick blade       |       |       |       |       |   872 |  1369 |  1442 ||  3683
Throw: Dart              |       |       |    13 |    96 |   203 |    63 |    42 ||   417
       Boomerang         |       |       |       |     5 |    73 |       |       ||    78
Invok: Berserk           |       |     1 |     1 |    10 |     6 |     3 |       ||    21
       Trog's Hand       |       |       |     1 |     4 |     3 |     6 |     3 ||    17
       Brothers in Arms  |       |       |       |       |       |       |     1 ||     1
Evoke: Wand              |       |       |     3 |    10 |     1 |       |     1 ||    15
  Use: Scroll            |       |       |    13 |     6 |    16 |    14 |     3 ||    52
       Potion            |       |       |       |     2 |     2 |     3 |     2 ||     9
 Stab: Sleeping          |     9 |    14 |    29 |    23 |    23 |    49 |    46 ||   193
       Distracted        |       |       |       |     1 |     4 |     3 |     1 ||     9
       Held in net/web   |       |       |       |       |       |       |     3 ||     3
Armor: Skin              |     4 |     6 |    21 |    57 |   111 |    41 |    22 ||   262
Dodge: Dodged            |    31 |    26 |    94 |   440 |  1225 |   723 |   618 ||  3157
Block: Buckler           |       |       |       |       |       |   143 |       ||   143
       Kite shield       |       |       |       |       |       |    84 |   498 ||   582
